 Dungeon Crawl Stone Soup version 0.25-a0-731-g0472a16d6a (webtiles) character file.

Game seed: 13855317824798780760, levelgen mode: deterministic

2 Hastur the Magician (level 1, -2/15 HPs)
             Began as a Draconian Wizard on Apr 8, 2020.
             Slain by an ooze (4 damage)
             ... on level 1 of the Dungeon.
             The game lasted 00:01:18 (136 turns).

Hastur the Magician (Draconian Wizard)               Turns: 136, Time: 00:01:19

Health: -2/15      AC:  4    Str:  9    XL:     1   Next: 33%
Magic:  0/4        EV: 12    Int: 18    God:
Gold:   0          SH:  0    Dex:  9    Spells: 5/6 levels left

rFire    . . .     SeeInvis .   (no weapon)
rCold    . . .     Gourm    .   (no shield)
rNeg     . . .     Faith    .   (armour unavailable)
rPois    .         Spirit   .   a - +0 hat
rElec    .         Reflect  .   (no cloak)
rCorr    .         Harm     .   (no gloves)
MR       .....                  (no boots)
Stlth    ++........             (no amulet)
HPRegen  0.05/turn              (no ring)
MPRegen  0.09/turn              (no ring)

@: no status effects
A: unfitting armour, cold-blooded, AC +4
a: no special abilities


You were on level 1 of the Dungeon.
You were not hungry.

You visited 1 branch of the dungeon, and saw 2 of its levels.

Inventory:

Armour
 a - a +0 hat (worn)
Potions
 b - a potion of degeneration {unknown}
Comestibles
 c - a ration


   Skills:
 + Level 0.9 Fighting
 - Level 1.7 Dodging
 - Level 1.7 Stealth
 - Level 3.0 Spellcasting
 - Level 1.0 Conjurations
   Level 1.0 Summonings
   Level 1.0 Translocations


You had 5 spell levels left.
You knew the following spells:

 Your Spells              Type           Power        Failure   Level  Hunger
a - Magic Dart            Conj           #...         11%         1    None

Your spell library contained the following spells:

 Spells                   Type           Power        Failure   Level  Hunger
 Blink                    Tloc           N/A          16%         2    ##.....
 Call Imp                 Summ           #.......     16%         2    ##.....
 Slow                     Hex            #.......     24%         2    ##.....
 Conjure Flame            Conj/Fire      #.......     36%         3    ###....
 Mephitic Cloud           Conj/Pois/Air  #.......     38%         3    ###....


Dungeon Overview and Level Annotations

Branches:
Dungeon (2/15)

Altars:


Innate Abilities, Weirdness & Mutations

Your plain brown scales are hard. (AC +4)
You cannot fit into any form of body armour.
You are cold-blooded and may be slowed by cold attacks.


Message History

The ooze hits you.
The hobgoblin hits you but does no damage.
You barely miss the ooze.
The ooze is moderately wounded.
The ooze closely misses you. The hobgoblin closely misses you.
You hit the ooze but do no damage.
The ooze is moderately wounded.
The ooze hits you but does no damage. The hobgoblin misses you.
You aren't carrying any items that you can evoke.
Unknown command.
You hit the ooze but do no damage.
The ooze is moderately wounded.
The ooze hits you.
* * * LOW HITPOINT WARNING * * *
The hobgoblin closely misses you.
Unknown command.
You hit the ooze. You tail-slap the ooze.
The ooze is severely wounded.
The ooze hits you.
You die...

# . #...K.#l# # #.
#gl####.# #..
#...#gK.#
###..#.l.#g###
#......g.#g#
#.#..##..#l# ##
##.##g.#K# .#
#.....#g# .######
##.#.##@#
ggl...#.###.#K##J#
.####g#.#.#...##.#
.####.# ..##..##..
.##...# #.##..####
.##.#.###)###.#
....#.g..K..g>#
###
###.#............
.....###########


You could see an ooze, a leopard gecko, 3 hobgoblins, a goblin and 2 kobolds.

Vanquished Creatures
  2 giant cockroaches
2 creatures vanquished.

Notes
Turn   | Place    | Note
-------+----------+-------------------------------------------
     0 | D:1      | Hastur the Draconian Wizard began the quest for the Orb.
     0 | D:1      | Reached XP level 1. HP: 14/14 MP: 4/4
   136 | D:1      | Slain by an ooze

Levels and vault maps discovered:
D:1:      minmay_arrival_four_circles, layout_basic
D:2:      layout_rooms, first_ration, uniq_jessica

Action                   || total
-------------------------++-------
Melee: Unarmed           ||     6
       Tailslap          ||     1
 Cast: Magic Dart        ||    10
Armor: Skin              ||    21
Dodge: Dodged            ||    27

Table legend:
 A = Non-vault XP
 B = Vault XP
 C = Vault XP percentage of total XP
 D = Non-vault monster count
 E = Vault monster count
 F = Vault count percentage of total count
                 A         B        C        D         E       F
            +---------+---------+-------+---------+---------+-------
      Total |       4 |       0 |   0.0 |       2 |       0 |   0.0
            +---------+---------+-------+---------+---------+-------
        D:1 |       2 |       0 |   0.0 |       1 |       0 |   0.0
        D:2 |       2 |       0 |   0.0 |       1 |       0 |   0.0
            +---------+---------+-------+---------+---------+-------
